 Dungeon Crawl Stone Soup version 0.18.1-48-g4cf74bf (webtiles) character file.

91 boogeech the Skirmisher (level 4, -1/29 HPs)
             Began as a Gargoyle Fighter on June 28, 2016.
             Killed by nerve-wracking pain
             ... invoked by Grinder
              (4 damage)
             ... on level 3 of the Dungeon.
             The game lasted 00:04:09 (1969 turns).

boogeech the Skirmisher (Gargoyle Fighter)          Turns: 1969, Time: 00:04:10

Health: -1/29      AC: 10    Str: 24    XL:     4   Next: 59%
Magic:  4/4        EV:  8    Int:  9    God:
Gold:   180        SH:  9    Dex: 10    Spells: 0 memorised, 3 levels left

rFire  . . .     SeeInvis .     a - +0 long sword
rCold  . . .     Gourm    .     b - +0 scale mail
rNeg   + . .     Faith    .     c - +0 shield
rPois  ∞         Spirit   .     (no helmet)
rElec  +         Dismiss  .     (no cloak)
rCorr  .         Reflect  .     (no gloves)
SustAt .         Harm     .     (no boots)
MR     .....                    (no amulet)
Stlth  ..........               (no ring)
                                (no ring)

@: mighty, not resistant to hostile enchantments, extremely unstealthy
A: negative energy resistance 1, electricity resistance, unbreathing,
petrification resistance, rot immunity, AC +3
a: no special abilities


You were on level 3 of the Dungeon.
You were hungry.

You visited 1 branch of the dungeon, and saw 3 of its levels.

You collected 180 gold pieces.

Inventory:

Hand Weapons
 a - a +0 long sword (weapon)
Armour
 b - a +0 scale mail (worn)
 c - a +0 shield (worn)
Jewellery
 n - a +3 ring of dexterity {unknown}
Scrolls
 e - 4 scrolls of identify {unknown}
 h - a scroll of enchant weapon {unknown}
 j - 3 scrolls of remove curse {unknown}
 k - a scroll of magic mapping {unknown}
 o - a scroll of enchant armour {unknown}
Potions
 i - a potion of cancellation {unknown}
 l - a potion of agility {unknown}
 m - a potion of invisibility {unknown}
 p - a potion of resistance {unknown}
Comestibles
 f - 3 bread rations
 g - 2 meat rations


   Skills:
 * Level 4.1 Fighting
 * Level 2.5 Long Blades
 * Level 3.7 Armour
 + Level 0.8 Dodging
 * Level 4.0 Shields


You had 3 spell levels left.
You didn't know any spells.

Dungeon Overview and Level Annotations

Branches:
Dungeon (3/15)

Altars:
Ashenzari
Gozag
Qazlal

Annotations:
D:3 Grinder


Innate Abilities, Weirdness & Mutations

You are resistant to torment.
Your stone body is resilient (AC +3).
You are immune to poison.
You resist negative energy.
You are resistant to electric shocks.
You can survive without breathing.
You are immune to petrification.
You are immune to rotting.


Message History

You can move again.
You are too injured to fight recklessly!
Drink which item? (? for menu, Esc to quit)
You feel very mighty all of a sudden. You block Grinder's attack.
You slash Grinder!
Grinder is heavily wounded.
You block Grinder's attack.
You slash Grinder!
Grinder is almost dead.
Grinder says, "DUCK!"
Grinder blinks!
Grinder says, "Don't move a muscle."
Grinder says, "Just stop there for a second..."
Grinder blinks!
You hit Grinder.
Grinder is almost dead.
Grinder gestures at you. Pain shoots through your body!
You die...

.........#
#.###.....# #.
####.## #. #.#
# #. #.# #.##.
#.# . ... #.#
....##.######.#
......§@5.....#
...#.##########


You could see Grinder.

Vanquished Creatures
  4 gnolls (D:2)
  An adder (D:2)
  A worm (D:2)
  A dart slug (D:2)
  A giant gecko (D:1)
  4 bats
  3 giant cockroaches
  3 hobgoblins
  3 kobolds
  A quokka (D:2)
  A ball python (D:1)
  4 giant newts
  8 goblins
  5 rats
40 creatures vanquished.

Notes
Turn   | Place    | Note
--------------------------------------------------------------
     0 | D:1      | boogeech the Gargoyle Fighter began the quest for the Orb.
     0 | D:1      | Reached XP level 1. HP: 14/14 MP: 1/1
   101 | D:1      | Reached XP level 2. HP: 2/19 MP: 2/2
   699 | D:1      | Reached XP level 3. HP: 23/23 MP: 3/3
   888 | D:2      | Found a shattered altar of Ashenzari.
   934 | D:2      | Found an opulent altar of Gozag.
  1149 | D:2      | Reached XP level 4. HP: 8/29 MP: 4/4
  1693 | D:2      | Found a stormy altar of Qazlal.
  1951 | D:3      | Noticed Grinder
  1956 | D:3      | Paralysed by Grinder for 6 turns
  1969 | D:3      | Killed from afar by Grinder

Skill      XL: |  1  2  3  4 |
---------------+-------------+-----
Long Blades    | 2 |  2.5
Fighting       | 4 |  4.1
Shields        | 4 |  4.0
Armour         | |  3.7
Dodging        | |  0.8

Action                   |  1- 3 |  4- 6 || total
-------------------------+-------+-------++-------
Melee: Long sword        |   133 |    32 ||   165
  Use: Potion            |       |     2 ||     2
  Eat: Chunk             |     1 |     2 ||     3
Armor: Scale mail        |    79 |    20 ||    99
Dodge: Dodged            |    60 |     2 ||    62
Block: Shield            |    81 |    21 ||   102
